 Dungeon Crawl Stone Soup version 0.31-a0-853-gc9b61b78f7 (webtiles) character file.

Game seed: 5499473911145027769

98471 Ethylacetat the Skinwalker (level 16, -4/72 HPs)
             Began as a Vine Stalker Shapeshifter on Oct 8, 2023.
             Was the Champion of Qazlal.
             Killed from afar by Nikola (44 damage)
             ... with an arc of chain lightning
             ... on level 1 of the Spider Nest.
             The game lasted 00:39:16 (18819 turns).

Ethylacetat the Skinwalker (VSSh)                  Turns: 18819, Time: 00:39:18

Health: -4/72      AC: 19    Str: 25    XL:     16   Next: 22%
Magic:  0/17       EV: 33    Int: 10    God:    Qazlal [******]
Gold:   2421       SH:  8    Dex: 14    Spells: 15/15 levels left

rFire   . .          .
                       - Unarmed
rCold   . . .        (shield currently unavailable)
rNeg    . . .        (body armour currently unavailable)
rPois   ∞            (helmet currently unavailable)
rElec   +            (cloak currently unavailable)
rCorr   .            (gloves currently unavailable)
SInv    .            (boots currently unavailable)
Will    ++...        A - amulet of regeneration
Stlth   +            t - +4 ring of protection
HPRegen 1.92/turn    L - +4 ring of protection
MPRegen 0.15/turn

%: repel missiles, guardian spirit
@: storm-form, flying
A: cleaving, insubstantial, flying, reduced hp, (fangs 3), regeneration 1, magic
shield, (antimagic bite), no potion heal 2
a: Blinkbolt, Begin Untransformation, Renounce Religion, Upheaval, Elemental
Force, Disaster Area


You were on level 1 of the Spider Nest.
You worshipped Qazlal.
Qazlal was exalted by your worship.
You were a lightning-filled tempest!
You visited 5 branches of the dungeon, and saw 24 of its levels.

You collected 2641 gold pieces.
You spent 220 gold pieces at shops.

Inventory:

Missiles
 Q - 2 throwing nets
Jewellery
 t - a +4 ring of protection (left fist)
 A - an amulet of regeneration (around neck)
 C - a ring of magical power
 E - an amulet of reflection
 G - a ring of protection from cold
 L - a +4 ring of protection (right fist)
 O - a ring of resist corrosion
Talismans
 p - a serpent talisman
 q - a storm talisman (active)
Wands
 d - a wand of polymorph (7)
 I - a wand of flame (17)
 K - a wand of charming (15)
Scrolls
 a - a scroll of torment {unknown}
 g - 14 scrolls of identify {unknown}
 h - 5 scrolls of poison {unknown}
 i - 4 scrolls of fog
 k - 5 scrolls of vulnerability {unknown}
 l - 5 scrolls of teleportation
 m - a scroll of noise {unknown}
 n - 4 scrolls of fear {unknown}
 o - 3 scrolls of summoning {unknown}
 u - 3 scrolls of revelation {unknown}
 v - 2 scrolls of acquirement {unknown}
 w - a scroll of blinking {unknown}
 x - 3 scrolls of enchant armour {unknown}
 y - 2 scrolls of brand weapon {unknown}
 D - 2 scrolls of immolation {unknown}
Potions
 b - 6 potions of invisibility {unknown}
 c - 3 potions of haste {unknown}
 e - 11 potions of curing {unknown}
 f - 3 potions of mutation {unknown}
 j - a potion of ambrosia {unknown}
 r - a potion of magic {unknown}
 s - 4 potions of brilliance
 z - 2 potions of berserk rage
 B - a potion of resistance
 F - 4 potions of attraction {unknown}
 H - a potion of cancellation {unknown}
 J - 5 potions of heal wounds {unknown}
 M - 3 potions of lignification
 N - 2 potions of enlightenment
 P - 4 potions of might {unknown}


   Skills:
 + Level 8.2 Fighting
 - Level 0.5 Short Blades
 + Level 7.6 Dodging
 - Level 1.0 Stealth
 + Level 9.4 Unarmed Combat
 + Level 0.0 Spellcasting
 + Level 21.9 Shapeshifting


You had 15 spell levels left.
You didn't know any spells.
Your spell library contained the following spells:

 Spells                   Type           Power      Damage    Failure   Level
 Kiss of Death            Conj/Necr      0%         2d5       36%         1
 Ensorcelled Hibernation  Hex/Ice        0%         N/A       50%         2
 Jinxbite                 Hex            0%         N/A       50%         2
 Confusing Touch          Hex            0%         N/A       75%         3
 Gell's Gravitas          Tloc           0%         N/A       75%         3
 Hailstorm                Conj/Ice       0%         3d3       75%         3
 Inner Flame              Hex/Fire       0%         N/A       75%         3
 Teleport Other           Tloc           0%         N/A       75%         3
 Anguish                  Hex/Necr       0%         N/A       98%         4
 Dispel Undead            Necr           0%         3d6       98%         4
 Flame Wave               Conj/Fire      0%         2d4       98%         4
 Sticky Flame             Conj/Fire      0%         2d3       98%         4
 Summon Ice Beast         Ice/Summ       0%         N/A       98%         4
 Alistair's Intoxication  Tmut/Pois      0%         N/A       100%        5
 Borgnjor's Vile Clutch   Necr/Erth      0%         N/A       100%        5
 Iskenderun's Battlesphe  Conj           0%         2d6       100%        5
 Summon Forest            Summ/Tloc      0%         N/A       100%        5
 Summon Mana Viper        Hex/Summ       0%         N/A       100%        5
 Yara's Violent Unravell  Hex/Tmut       0%         3d3       100%        5
 Bombard                  Conj/Erth      0%         9d1       100%        6
 Dispersal                Tloc           0%         N/A       100%        6
 Eringya's Noxious Bog    Tmut/Pois      0%         4d6       100%        6
 Simulacrum               Ice/Necr       0%         N/A       100%        6
 Enfeeble                 Hex            0%         N/A       100%        7
 Monstrous Menagerie      Summ           0%         N/A       100%        7
 Spellforged Servitor     Conj/Summ      0%         N/A       100%        7
 Summon Hydra             Summ           0%         N/A       100%        7


Dungeon Overview and Level Annotations

Branches:
Dungeon (15/15)            Temple (1/1) D:6            Lair (5/5) D:9
 Shoals (0/4) Lair:3       Spider (1/4) Lair:3        Slime (0/5) Lair:5
    Orc (2/2) D:10            Elf (0/3) Orc:2        Vaults (0/5) D:14
 Depths (0/4) D:15

Altars:
Ashenzari
Cheibriados
Dithmenos
Elyvilon
Fedhas
Gozag
Hepliaklqana
Kikubaaqudgha
Makhleb
Nemelex Xobeh
Okawaru
Qazlal
Ru
Sif Muna
Trog
Uskayaw
Vehumet
Wu Jian
Xom
Yredelemnul
Zin
The Shining One

Shops:
D:1 *!   D:9 (   D:12 *   D:13 !   Orc:2 (?:!

Annotations:
Spider:1 Nikola
Orc:2 1 runed translucent door


Innate Abilities, Weirdness & Mutations

You are a lightning-filled tempest!
Your electrical attacks strike out in all directions at once.
You are incredibly evasive.
Your insubstantial body is immune to petrification, constriction, and being set on fire You are flying.
Your maximum health is decreased, since you lack skill for your form.
Your armour is entirely melded.
You are incapable of wielding weapons or throwing items.
You are immune to poison.
((You have razor-sharp teeth.))
Your natural rate of healing is unusually fast.
When hurt, damage is shared between your health and your magic reserves.
((Your bite disrupts and absorbs the magic of your enemies.))
Potions cannot restore your health.


Message History

You fly downwards.
There is a stone staircase leading up here.
There is a stone staircase leading down here.
You fly downwards.
There is a stone staircase leading up here.
There is a hole to the Spider Nest here.
You fly downwards.
Welcome to the Spider Nest!
This branch contains the gossamer rune of Zot.
You hear a faint skittering sound.
Found a quarterstaff.
There is a crawl-hole back to the Lair here.
You hear a faint skittering sound.
You hear a faint skittering sound.
You see here a +0 quarterstaff.
You hear a faint skittering sound.
Nikola the Mad Inventor comes into view.
He is wielding a +2 rapier of electrocution.
Nikola casts a spell.
Lightning arcs from Nikola's hands!
The bolt of lightning hits you!!! You resist.
A bolt of lightning appears from out of thin air!
The bolt of lightning hits Nikola.
You hear a faint skittering sound. x8
Nikola hits you with a +2 rapier of electrocution.
You are too injured to fight recklessly!
Unknown command.
You are too injured to fight recklessly!
You closely miss Nikola. Your punch misses Nikola.
Nikola is lightly wounded.
You hear a faint skittering sound.
You blast Nikola!!!
You punch Nikola!
Nikola is moderately wounded.
Nikola is engulfed in freezing vapours.
Nikola misses you.
You closely miss Nikola.
Nikola is heavily wounded.
Nikola is engulfed in freezing vapours.
Nikola gestures wildly while chanting.
Lightning arcs from Nikola's hands!
The bolt of lightning hits you!!! You resist.
Ouch! That really hurt!
You die...

## ##.####
###..#..###
##.......#.##
#.....°°○...#
.......@v○°.##
..........○.)#
#......°.°°..#
........##...#
.....##.#......
...##
#####..... ...
....... #.
#.......
#^.#.....


You could see Nikola.

Vanquished Creatures
  Rupert (D:15)
  Louise (D:14)
  An orc warlord (Orc:1)
  An ironbound preserver (D:14)
  A very ugly thing (D:15)
  Snorg (D:14)
  An ettin (Orc:1)
  A spriggan zombie (D:15)
  Harold (Orc:1)
  7 hydras
  6 centaur warriors
  4 two-headed ogres
  Erica (D:10)
  A catoblepas (Lair:5)
  A sphinx skeleton (D:15)
  2 boulder beetles (D:12)
  A tengu warrior (D:15)
  6 death yaks (Lair:4)
  Urug (D:13)
  A deep elf knight (D:15)
  A pharaoh ant (Lair:3)
  A fire crab (shapeshifter) (D:13)
  A skeletal warrior (D:15)
  3 skysharks (Lair:4)
  Lodul (D:13)
  2 flayed ghosts (D:15)
  4 orange crystal statues (Orc:2)
  3 deep elf pyromancers
  8 orc knights
  A wizard (D:14)
  2 orc sorcerers (Orc:1)
  A necromancer (D:15)
  An oklob plant (Lair:2)
  6 cyclopes
  A stone giant zombie (D:15)
  2 wolf spiders
  11 ugly things
  3 manticores
  5 black mambas
  10 elephants
  A torpor snail (Lair:4)
  10 cane toads
  2 unseen horrors
  8 komodo dragons
  2 freezing wraiths (D:14)
  3 tengu conjurers
  3 kobold demonologists (D:10)
  A spriggan skeleton (D:15)
  4 trolls
  A guardian mummy (D:15)
  A meliai (D:15)
  14 polar bears
  A hornet (Lair:5)
  A tarantella (Lair:3)
  27 blink frogs
  A snapping turtle (Lair:3)
  5 slime creatures (D:12)
  A jumping spider (Lair:3)
  2 wraiths
  4 centaur simulacra
  6 wyverns
  A spriggan (Lair:5)
  A vampire (D:14)
  34 yaks
  2 shadows
  5 basilisks
  A hog (shapeshifter) (D:15)
  12 vampire mosquitoes
  A redback (Lair:3)
  4 steam dragons
  6 acid dragons
  10 wargs
  19 water moccasins
  17 hell hounds (Lair:5)
  A meliai simulacrum (D:14)
  33 orc warriors
  A sky beast (D:8)
  17 black bears
  11 ogres
  15 centaurs
  25 wolves
  A tengu (shapeshifter) (D:15)
  4 kobold brigands
  19 bullfrogs
  2 gnoll sergeants
  3 scorpions
  9 wights
  5 killer bees (D:11)
  2 vampire bats (Orc:2)
  An electric eel (Lair:4)
  6 jellies (Lair:5)
  4 orc priests
  11 orc wizards
  A sleepcap (D:7)
  4 iguanas
  5 hell rats (Lair:3)
  11 gnolls
  6 adders
  A shadow imp (D:6)
  4 white imps
  An ufetubus (D:7)
  2 dart slugs
  87 orcs
  4 ball pythons
  8 bats
  4 endoplasms
  3 giant cockroaches
  7 goblins
  6 hobgoblins
  21 kobolds
  A quokka (D:4)
  2 rats
  A butterfly (D:10)
667 creatures vanquished.

Vanquished Creatures (collateral kills)
  A warg (Lair:5)
  An endoplasm (Lair:5)
2 creatures vanquished.

Vanquished Creatures (others)
  A komodo dragon (Lair:5)
  A water moccasin (Lair:5)
  An ogre (D:13)
3 creatures vanquished.

Grand Total: 672 creatures vanquished

Notes
Turn   | Place    | Note
-------+----------+-------------------------------------------
     0 | D:1      | Ethylacetat the Vine Stalker Shapeshifter began the quest
                  | for the Orb.
     0 | D:1      | Reached XP level 1. HP: 9/9 MP: 2/2
     1 | D:1      | Found Cabudgho's General Store.
    37 | D:1      | Reached skill level 1 in Fighting
    71 | D:1      | Found Timuveog's Distillery.
    88 | D:1      | Reached XP level 2. HP: 14/14 MP: 3/3
  1152 | D:2      | Reached XP level 3. HP: 13/18 MP: 2/4
  1925 | D:3      | Reached XP level 4. HP: 23/23 MP: 3/5
  2100 | D:4      | Reached skill level 1 in Stealth
  2197 | D:4      | Found a basalt altar of Yredelemnul.
  2498 | D:4      | Noticed a scorpion
  2510 | D:4      | Killed a scorpion
  2511 | D:4      | Reached skill level 4 in Shapeshifting
  2511 | D:4      | Reached XP level 5. HP: 26/26 MP: 6/6
  2611 | D:4      | Noticed a wyvern
  2637 | D:4      | Killed a wyvern
  2638 | D:4      | Reached skill level 5 in Shapeshifting
  2638 | D:4      | Reached XP level 6. HP: 24/30 MP: 5/7
  3019 | D:5      | Entered Level 5 of the Dungeon
  3044 | D:5      | Reached skill level 6 in Shapeshifting
  3228 | D:5      | Reached XP level 7. HP: 29/34 MP: 8/8
  3808 | D:6      | Reached skill level 7 in Shapeshifting
  3935 | D:6      | Found a staircase to the Ecumenical Temple.
  3944 | Temple   | Entered the Ecumenical Temple
  3950 | Temple   | Became a worshipper of Qazlal Stormbringer
  4186 | D:6      | Gained mutation: You have razor-sharp teeth. [Vine Stalker
                  | growth]
  4186 | D:6      | Reached XP level 8. HP: 35/39 MP: 9/9
  4222 | D:6      | Found a glowing golden altar of the Shining One.
  4488 | D:7      | Reached skill level 8 in Shapeshifting
  4520 | D:7      | Noticed a deep elf pyromancer
  4527 | D:7      | Killed a deep elf pyromancer
  4528 | D:7      | Reached XP level 9. HP: 44/44 MP: 10/10
  4599 | D:7      | Found a shimmering blue altar of Sif Muna.
  4776 | D:7      | Reached skill level 5 in Unarmed Combat
  4894 | D:7      | Found a burning altar of Makhleb.
  4909 | D:7      | Reached skill level 9 in Shapeshifting
  5082 | D:7      | Reached * piety under Qazlal
  5347 | D:8      | Reached XP level 10. HP: 51/51 MP: 11/11
  5594 | D:8      | Reached skill level 5 in Fighting
  5594 | D:8      | Reached skill level 10 in Shapeshifting
  5793 | D:9      | Found a shadowy altar of Dithmenos.
  5843 | D:9      | Reached skill level 5 in Dodging
  5937 | D:9      | Reached ** piety under Qazlal
  5965 | D:9      | Found Kuskoe's Antique Weapon Boutique.
  5992 | D:9      | Found a broken altar of Ashenzari.
  5995 | D:9      | Found a blossoming altar of Fedhas.
  6001 | D:9      | Found a hide-covered altar of Uskayaw.
  6003 | D:9      | Found a snail-covered altar of Cheibriados.
  6056 | D:9      | Found a staircase to the Lair.
  6234 | D:10     | Entered Level 10 of the Dungeon
  6250 | D:10     | Found a white marble altar of Elyvilon.
  6401 | D:10     | Noticed a kobold demonologist
  6401 | D:10     | Noticed a kobold demonologist
  6402 | D:10     | Noticed Erica
  6402 | D:10     | Noticed a kobold demonologist
  6406 | D:10     | Noticed a rust devil
  6418 | D:10     | Killed a kobold demonologist
  6432 | D:10     | Killed Erica
  6466 | D:10     | Killed a kobold demonologist
  6467 | D:10     | Reached skill level 11 in Shapeshifting
  6470 | D:10     | Killed a kobold demonologist
  6471 | D:10     | Reached XP level 11. HP: 56/56 MP: 12/12
  6665 | D:10     | Found a staircase to the Orcish Mines.
  6775 | D:11     | Noticed a two-headed ogre
  6780 | D:11     | Killed a two-headed ogre
  7011 | D:11     | Noticed a red ugly thing
  7019 | D:11     | Killed a red ugly thing
  7094 | D:11     | Noticed a cyclops
  7111 | D:11     | Killed a cyclops
  7179 | D:11     | Reached *** piety under Qazlal
  7647 | D:12     | Noticed a two-headed ogre
  7652 | D:12     | Killed a two-headed ogre
  7739 | D:12     | Noticed a boulder beetle
  7745 | D:12     | Noticed a cyclops
  7752 | D:12     | Killed a boulder beetle
  7753 | D:12     | Reached skill level 12 in Shapeshifting
  7761 | D:12     | Killed a cyclops
  7939 | D:12     | Noticed a boulder beetle
  7963 | D:12     | Killed a boulder beetle
  8025 | D:12     | Noticed a two-headed ogre
  8032 | D:12     | Killed a two-headed ogre
  8040 | D:12     | Found Qatsom's Serpentskin Sales.
  8042 | D:12     | Reached XP level 12. HP: 63/63 MP: 13/13
  8046 | D:12     | Bought a ring of poison resistance for 220 gold pieces
  8055 | D:12     | Noticed a two-headed ogre
  8059 | D:12     | Killed a two-headed ogre
  8417 | D:13     | Reached **** piety under Qazlal
  8435 | D:13     | Noticed Lodul
  8467 | D:13     | Noticed Urug
  8473 | D:13     | Killed Urug
  8585 | D:13     | Noticed a centaur warrior
  8593 | D:13     | Killed a centaur warrior
  8600 | D:13     | Reached skill level 13 in Shapeshifting
  8669 | D:13     | Found Guschotz's Distillery.
  8829 | D:13     | Killed Lodul
  9029 | D:13     | Noticed a centaur warrior
  9040 | D:13     | Killed a centaur warrior
  9201 | D:13     | Noticed a seven-headed hydra
  9209 | D:13     | Killed a seven-headed hydra
  9481 | Lair:1   | Entered Level 1 of the Lair of Beasts
  9492 | Lair:1   | Reached skill level 14 in Shapeshifting
  9492 | Lair:1   | Reached XP level 13. HP: 68/68 MP: 11/14
  9768 | Lair:1   | Reached ***** piety under Qazlal
 10980 | Lair:2   | Reached skill level 15 in Shapeshifting
 11074 | Lair:2   | Found a sacrificial altar of Ru.
 11278 | Lair:2   | Found a blossoming altar of Fedhas.
 11927 | Lair:3   | Reached skill level 16 in Shapeshifting
 12042 | Lair:3   | Found a hole to the Spider Nest.
 12313 | Lair:3   | Found a staircase to the Shoals.
 12678 | Lair:4   | Reached XP level 14. HP: 73/73 MP: 15/15
 12691 | Lair:4   | Reached ****** piety under Qazlal
 12756 | Lair:4   | Reached skill level 17 in Shapeshifting
 13785 | Lair:5   | Entered Level 5 of the Lair of Beasts
 13805 | Lair:5   | Reached skill level 18 in Shapeshifting
 14157 | Lair:5   | Identified the +5 quarterstaff of Extisin {protect, Str+2}
 14343 | Lair:5   | Found a staircase to the Slime Pits.
 14488 | Lair:5   | Reached skill level 19 in Shapeshifting
 14551 | Lair:5   | Reached XP level 15. HP: 77/77 MP: 9/16
 15256 | Orc:1    | Entered Level 1 of the Orcish Mines
 15263 | Orc:1    | Noticed Harold
 15277 | Orc:1    | Killed Harold
 15577 | Orc:1    | Noticed an orc warlord
 15587 | Orc:1    | Killed an orc warlord
 15860 | Orc:2    | Entered Level 2 of the Orcish Mines
 16001 | Orc:2    | Reached skill level 20 in Shapeshifting
 16015 | Orc:2    | Found Julusam's Magic Scroll Emporium.
 16015 | Orc:2    | Found Iwkafoumn's Weapon Boutique.
 16120 | Orc:2    | Found Cires's Distillery.
 16120 | Orc:2    | Found Ymib's Book Boutique.
 16186 | Orc:2    | Found a staircase to the Elven Halls.
 16216 | Orc:2    | Found a runed translucent door.
 16224 | Orc:2    | Found the +10 tower shield of Ignorance {rN+ Int-4}
 16230 | Orc:2    | Found a runed translucent door.
 16289 | Orc:2    | Noticed an orc warlord
 16306 | Orc:2    | Noticed an orc warlord
 16867 | D:14     | Found a gate to the Vaults.
 16867 | D:14     | Noticed Louise
 16869 | D:14     | Killed Louise
 17384 | D:14     | Noticed Snorg
 17392 | D:14     | Killed Snorg
 17393 | D:14     | Reached skill level 21 in Shapeshifting
 17631 | D:14     | Found an ornate altar of the Wu Jian Council.
 17829 | D:15     | Entered Level 15 of the Dungeon
 18010 | D:15     | Reached XP level 16. HP: 54/81 MP: 12/17
 18147 | D:15     | Noticed Rupert
 18153 | D:15     | Killed Rupert
 18161 | D:15     | Found a staircase to the Depths.
 18804 | Spider:1 | Entered Level 1 of the Spider Nest
 18812 | Spider:1 | Noticed Nikola
 18819 | Spider:1 | Killed from afar by Nikola

Illustrated notes

Levels and vault maps discovered:
D:1:      dpeg_arrival_radiant, layout_loops_ring, serial_shops, shop,
          nicolae_shop_getting_attention, minmay_misc_feat_columns
D:2:      layout_basic
D:3:      layout_basic
D:4:      layout_basic, lemuel_doored_altar, dreamdust_princess_corridor
D:5:      layout_basic
D:6:      layout_cave_pods, mainiacjoe_overflow_tiny_flanked,
          minmay_temple_entry_antechambers
D:7:      layout_loops_ring, mainiacjoe_overflow_catwalk,
          nicolae_overflow_crystal_walls, guppyfry_early_elven_hall
D:8:      layout_basic, kennysheep_generic_room_8
D:9:      layout_roguey, grunt_dithmenos_shadows,
          nicolae_overflow_macrodata_refinement, dpeg_oklobed_lair,
          serial_shops, nicolae_square_shop
D:10:     layout_roguey, nicolae_elyvilon_peaceful_grove, orc_0_dummy,
          uniq_erica
D:11:     layout_roguey, kennysheep_generic_room_5
D:12:     layout_roguey, guppyfry_shop_venom
D:13:     layout_long_grid, serial_shops, nicolae_shop_tiny_glass, uniq_lodul,
          uniq_urug
D:14:     layout_basic, skrybe_vaults_entry_preservation,
          nzn_wu_jian_council_hall, serial_aquarium, aquarium_bridge_straight
          [aquarium_subvault_bridge, aquarium_subvault_balcony,
          aquarium_subvault_bridge, aquarium_subvault_window],
          aquarium_window_fake, aquarium_window_fake, aquarium_window_1,
          aquarium_window_fake, aquarium_view_2b, aquarium_balcony_3b,
          aquarium_pool_split, uniq_louise, uniq_snorg
D:15:     gammafunk_depths_entry_grave, layout_basic, minmay_door_square,
          minivault_28, uniq_rupert
Temple:   hellmonk_temple_two_chambers
Lair:1:   wander_river, layout_layer_cave
Lair:2:   layout_roguey, basic_altar, tgw_fedhas
Lair:3:   hellmonk_destroyed_diamonds, layout_chaotic_city,
          minmay_shoals_entry_hut, nicolae_spider_entry_lesser_pyramids,
          grunt_megastairs_4
Lair:4:   layout_cave_pods, grunt_megastairs_1, serial_bayou_shore_a
Lair:5:   hangedman_lair_caniforms_friends, layout_gridlike,
          nicolae_slime_entry_slimehenge, grunt_forest_large_clearings,
          infiniplex_staircase_pool_2, grunt_megastairs_2, lemuel_fruit_tree
Spider:1: layout_spider_delve, uniq_nikola
Orc:1:    layout_diamond_mine, minmay_orc_barracks, uniq_harold, uniq_gastronok
Orc:2:    st_orc_town, layout_caves, roderic_batcave,
          chequers_guarded_unrand_ignorance

Skill      XL: |  1  2  3  4  5  6  7  8  9 10 11 12 13 14 15 |
---------------+----------------------------------------------+-----
Fighting       | 1 2 3 4 6 7 8 |  8.2
Dodging        | 2 3 4 5 6 7 |  7.6
Stealth        | 1 |  1.0
Shapeshifting  | 4 5 6 7 8 9 11 12 14 16 19 21 | 21.9
Unarmed Combat | 4 6 7 8 9 |  9.4
Short Blades   | |  0.5

Action                     |  1- 3 |  4- 6 |  7- 9 | 10-12 | 13-15 | 16-18 || total
---------------------------+-------+-------+-------+-------+-------+-------++-------
  Melee: Unarmed           |    55 |       |   123 |   424 |  1010 |    65 ||  1677
         Bite              |    11 |    15 |    15 |       |       |       ||    41
         Dagger            |     5 |    79 |    35 |       |       |       ||   119
         Punch             |       |     2 |     2 |       |    22 |     7 ||    33
         Constrict         |       |       |    28 |    79 |   149 |       ||   256
Ability: Blinkbolt         |       |       |       |       |     3 |       ||     3
  Evoke: Wand              |       |       |       |     5 |     4 |       ||     9
    Use: Potion            |       |     1 |       |     7 |       |       ||     8
         Scroll            |       |       |       |     3 |     3 |       ||     6
   Stab: Distracted        |     1 |       |       |       |       |       ||     1
         Sleeping          |       |     3 |     1 |       |       |       ||     4
         Petrifying        |       |       |       |       |     4 |       ||     4
         Petrified         |       |       |       |       |     3 |       ||     3
 Armour: Animal skin       |    36 |    24 |    21 |       |       |       ||    81
         Skin              |       |    29 |    76 |   353 |   640 |    24 ||  1122
  Dodge: Dodged            |    35 |    29 |    93 |   230 |   702 |    54 ||  1143
         Repelled          |       |       |       |       |     4 |     1 ||     5
  Block: Other             |       |       |     2 |    63 |   357 |    12 ||   434
   Form: Anaconda          |       |       |     3 |       |       |       ||     3
                           |       |       |     2 |       |       |       ||     2
         Storm             |       |       |       |       |     1 |       ||     1

Table legend: (Time is in decaauts)
 A = Elapsed time spent in this place.
 B = Non-inter-level travel time spent in this place.
 C = Inter-level travel time spent in this place.
 D = Time resting spent in this place.
 E = Time spent auto-exploring this place.
 F = Levels seen in this place.
 G = Mean time per level.
                   A        B        C        D        E       F      G
               +--------+--------+--------+--------+--------+-----+--------+
         Total |  18581 |  17510 |   1071 |     72 |  14290 |  24 |  774.2 |
       Dungeon |  11453 |  10739 |    714 |     45 |   8935 |  15 |  763.5 |
        Temple |     12 |      2 |     10 |      0 |      0 |   1 |   12.0 |
          Lair |   5654 |   5377 |    277 |     25 |   4319 |   5 | 1130.8 |
   Spider Nest |     14 |     14 |      0 |      0 |      7 |   1 |   14.0 |
  Orcish Mines |   1445 |   1377 |     68 |      2 |   1029 |   2 |  722.5 |
               +--------+--------+--------+--------+--------+-----+--------+

Top non-repeatable levels by time:
  Lair:1: 1383 daAuts
  Lair:5: 1262 daAuts
  Lair:4: 1251 daAuts
    D:12: 1058 daAuts
    D:14: 1029 daAuts
    D:13: 955 daAuts
     D:4: 938 daAuts
  Lair:2: 891 daAuts
     D:2: 891 daAuts
     D:6: 877 daAuts
  Lair:3: 866 daAuts
   Orc:2: 842 daAuts
    D:15: 742 daAuts
    D:11: 711 daAuts
     D:7: 698 daAuts
